 Dungeon Crawl Stone Soup version 0.22-a0-558-gc224181 (webtiles) character file.

11098 Hebeh the Cruncher (level 11, -3/98 (99) HPs)
             Began as a Minotaur Fighter on June 27, 2018.
             Was a High Priest of Trog.
             Slain by an eight-headed hydra (8 damage)
             ... summoned by an orange crystal statue
             ... on level 11 of the Dungeon.
             The game lasted 00:37:02 (11500 turns).

Hebeh the Cruncher (Minotaur Fighter)              Turns: 11500, Time: 00:37:07

HP:   -3/98 (99)    AC: 12    Str: 26    XL:     11   Next: 44%
MP:   10/10         EV: 10    Int:  5    God:    Trog [*****.]
Gold: 510           SH:  0    Dex: 10    Spells: 10/10 levels left

rFire    . . .     SeeInvis .   a - +7 lajatang of Order {silver, rMut}
rCold    . . .     Gourm    .   (shield currently unavailable)
rNeg     + . .     Faith    .   b - +0 scale mail
rPois    .         Spirit   .   (helmet restricted)
rElec    .         Reflect  .   g - scarf {cloud immunity}
rCorr    .         Harm     .   j - +0 pair of gloves
rMut     +                      G - +1 pair of boots "Jusifu" {Str+2 Slay+3}
MR       .....                  (no amulet)
Stlth    ..........             e - ring of positive energy
HPRegen  0.26/turn              (no ring)
MPRegen  0.12/turn

@: about to teleport
A: retaliatory headbutt, horns 2
a: Berserk, Trog's Hand, Brothers in Arms, Renounce Religion


You were on level 11 of the Dungeon.
You worshipped Trog.
Trog was extremely pleased with you.
You were not hungry.

You visited 3 branches of the dungeon, and saw 13 of its levels.
You also visited: Ossuary.

You collected 762 gold pieces.
You spent 252 gold pieces at shops.

Inventory:

Hand Weapons
 a - the +7 lajatang of Order (weapon) {silver, rMut}
   (You found it on level 4 of the Dungeon)

   It protects you from mutation.
 s - a +1 war axe
 E - a +2 whip of electrocution
Missiles
 l - 8 steel javelins (quivered)
Armour
 b - a +0 scale mail (worn)
 c - a +1 shield
 g - a scarf of cloud immunity (worn)
 j - a +0 pair of gloves (worn)
 G - the +1 pair of boots "Jusifu" (worn) {Str+2 Slay+3}
   (You found it on level 8 of the Dungeon)

   It affects your strength (+2).
   It affects your accuracy and damage with ranged weapons and melee attacks
   (+3).
Jewellery
 e - a ring of positive energy (left hand)
Wands
 k - a wand of random effects (30)
 y - a wand of iceblast (28)
 B - a wand of scattershot (4)
 H - a wand of paralysis (15)
Scrolls
 h - 2 scrolls of enchant armour
 i - 4 scrolls of enchant weapon
 o - a scroll of magic mapping {unknown}
 q - 6 scrolls of identify
 r - 6 scrolls of remove curse
 t - a scroll of immolation
 u - 7 scrolls of teleportation
 v - a scroll of fog
 I - a scroll of acquirement {unknown}
 K - 2 scrolls of summoning {unknown}
 L - a scroll of blinking
 N - a scroll of fear {unknown}
Potions
 d - 3 potions of might
 m - 2 potions of magic {unknown}
 n - 6 potions of heal wounds
 p - a potion of ambrosia {unknown}
 x - 2 potions of flight {unknown}
 z - 6 potions of curing
 A - a potion of agility {unknown}
 C - a potion of berserk rage {unknown}
 D - a potion of brilliance
 F - a potion of degeneration {unknown}
 J - a potion of lignification {unknown}
Miscellaneous
 w - a phial of floods
Comestibles
 f - 20 rations
 M - 3 chunks of flesh


   Skills:
 + Level 9.7 Fighting
 + Level 10.1 Axes
 * Level 11.5 Staves
 + Level 9.9 Armour
 + Level 9.7 Shields


You had 10 spell levels left.
You didn't know any spells.
Your spell library was empty.

Dungeon Overview and Level Annotations

Branches:
Dungeon (11/15)            Temple (1/1) D:6            Lair (1/6) D:8
    Orc (0/2) D:10

Altars:
Ashenzari
Cheibriados
Dithmenos
Elyvilon
Fedhas
Gozag
Hepliaklqana
Kikubaaqudgha
Makhleb
Nemelex Xobeh
Okawaru
Qazlal
Ru
Sif Muna
Trog
Uskayaw
Vehumet
Wu Jian
Xom
Yredelemnul
Zin
The Shining One

Shops:
D:4 (   D:7 *   D:9 !

Annotations:
D:8 3 runed doors, Gildeon's ghost, novice OpTm; MothsLongingForFire's ghost, novice OgTm
D:11 exclusions: obsidian statue and orange crystal statue


Innate Abilities, Weirdness & Mutations

You reflexively headbutt those who attack you in melee.
You have a pair of horns on your head.


Message History

The eight-headed hydra bites you but does no damage.
The eight-headed hydra bites you!
* * * LOW HITPOINT WARNING * * *
The eight-headed hydra bites you!
* * * LOW HITPOINT WARNING * * *
The eight-headed hydra bites you but does no damage.
The eight-headed hydra bites you!
* * * LOW HITPOINT WARNING * * *
The eight-headed hydra bites you.
* * * LOW HITPOINT WARNING * * *
The eight-headed hydra closely misses you.
Unknown command.
As you read the scroll of teleportation, it crumbles to dust.
You feel strangely unstable.
The eight-headed hydra bites you but does no damage.
The eight-headed hydra closely misses you.
The eight-headed hydra bites you but does no damage.
The eight-headed hydra barely misses you. x2
The eight-headed hydra bites you!
You die...

####.#####.#
#.......# #.......#
#.......# ###.#####
#.......# #.####
###+##### #....#
####)#####
##)...### #
#...ZD.###
8..#######....#@..+
..............#####
[$.......8....#
..............#
8..#######....# ##
######


You could see an eight-headed hydra and a hound skeleton.

Vanquished Creatures
  3 two-headed ogres
  Pikel (D:8)
  A deep elf mage (D:6)
  Psyche (D:10)
  Maurice (D:10)
  A queen bee (D:10)
  2 trolls
  A hornet (D:10)
  Prince Ribbit (D:8)
  A hungry ghost (D:11)
  9 yaks (D:10)
  A two-headed ogre zombie (D:10)
  Edmund (D:6)
  An orc warrior (D:9)
  4 phantoms
  3 slaves (D:8)
  2 sky beasts
  A black bear (D:7)
  A necrophage (D:8)
  7 centaurs
  3 ogres
  Blork the orc (D:6)
  4 big kobolds
  An elf zombie (Ossuary)
  5 bullfrogs
  A gnoll sergeant (D:5)
  2 scorpions (D:8)
  A water moccasin skeleton (D:8)
  14 killer bees (D:10)
  2 troll zombies (D:10)
  2 howler monkeys
  3 crimson imps
  A centaur skeleton (D:4)
  4 centaur zombies
  3 jellies
  8 orc wizards
  8 hounds
  2 human zombies (Ossuary)
  7 orc priests
  An iguana (D:8)
  4 worker ants
  5 ogre zombies (D:10)
  A big kobold zombie (Ossuary)
  2 hound zombies (Ossuary)
  2 hound skeletons
  3 mummies (Ossuary)
  A worker ant zombie (D:5)
  12 adders
  8 shadow imps
  An adder skeleton (D:5)
  5 adder zombies
  3 worms
  2 dart slugs
  5 leopard geckos
  33 orcs
  5 giant cockroaches
  12 goblins
  8 hobgoblins
  12 jackals
  3 quokkas
  3 ball pythons
  10 bats
  6 frilled lizards
  A gnoll zombie (Ossuary)
  4 goblin skeletons (D:10)
  8 goblin zombies
  3 hobgoblin skeletons (D:10)
  5 hobgoblin zombies (Ossuary)
  2 jackal zombies (Ossuary)
  31 kobolds
  A leopard gecko zombie (D:7)
  4 orc skeletons (D:10)
  13 orc zombies
  4 quokka zombies (Ossuary)
  4 rats
  3 rat zombies (Ossuary)
345 creatures vanquished.

Vanquished Creatures (others)
  A slave (D:8)
  A kobold (D:8)
  2 withered plants (D:8)
4 creatures vanquished.

Grand Total: 349 creatures vanquished

Notes
Turn   | Place    | Note
-------+----------+-------------------------------------------
     0 | D:1      | Hebeh the Minotaur Fighter began the quest for the Orb.
     0 | D:1      | Reached XP level 1. HP: 19/19 MP: 0/0
   109 | D:1      | Reached XP level 2. HP: 26/27 MP: 1/1
   501 | D:1      | Reached XP level 3. HP: 33/33 MP: 2/2
   904 | D:2      | Found an opulent altar of Gozag.
  1031 | D:2      | Reached XP level 4. HP: 40/40 MP: 3/3
  1971 | D:3      | Reached XP level 5. HP: 43/47 MP: 4/4
  2306 | D:3      | Found a shadowy altar of Dithmenos.
  2480 | D:3      | Found a hide-covered altar of Uskayaw.
  2481 | D:3      | Found a deep blue altar of Sif Muna.
  2701 | D:4      | Reached skill level 5 in Axes
  2931 | D:4      | Reached XP level 6. HP: 54/55 MP: 5/5
  3033 | D:4      | Reached skill level 5 in Fighting
  3033 | D:4      | Reached skill level 5 in Armour
  3033 | D:4      | Reached skill level 5 in Shields
  3286 | D:4      | Found the +7 lajatang of Order {silver, rMut}
  3332 | D:4      | Reached skill level 1 in Staves
  3332 | D:4      | Reached XP level 7. HP: 47/61 MP: 6/6
  3471 | D:4      | Found Hoysch's Antique Weapon Emporium.
  3600 | D:5      | Entered Level 5 of the Dungeon
  3631 | D:5      | Reached skill level 2 in Staves
  3957 | D:5      | Found an iron altar of Okawaru.
  4089 | D:5      | Reached skill level 3 in Staves
  4280 | D:5      | Found a shattered altar of Ashenzari.
  4581 | D:6      | Noticed Blork the orc
  4586 | D:6      | Killed Blork the orc
  4588 | D:6      | Reached XP level 8. HP: 65/70 MP: 7/7
  4623 | D:6      | Reached skill level 4 in Staves
  4750 | D:6      | You fall through a shaft!
  5035 | D:6      | Reached skill level 5 in Staves
  5287 | D:6      | Noticed Edmund
  5294 | D:6      | Killed Edmund
  5414 | D:6      | Found a basalt altar of Yredelemnul.
  5584 | D:6      | Noticed a deep elf mage
  5588 | D:6      | Noticed a soul eater
  5590 | D:6      | Killed a deep elf mage
  5590 | D:6      | Reached skill level 6 in Staves
  5743 | D:6      | Found a staircase to the Ecumenical Temple.
  5754 | Temple   | Entered the Ecumenical Temple
  5833 | Temple   | Became a worshipper of Trog the Wrathful
  6045 | D:7      | Found Xugior's General Store.
  6053 | D:7      | Bought a scroll of teleportation for 45 gold pieces
  6053 | D:7      | Bought a scroll of teleportation for 45 gold pieces
  6053 | D:7      | Bought a scroll of enchant weapon for 112 gold pieces
  6164 | D:7      | Found an ornate altar of the Wu Jian Council.
  6174 | D:7      | Reached XP level 9. HP: 78/78 MP: 8/8
  6597 | D:7      | Reached * piety under Trog
  6864 | D:8      | Found a sand-covered staircase.
  6872 | Ossuary  | Entered an ossuary
  6957 | Ossuary  | Reached skill level 7 in Staves
  7039 | Ossuary  | Reached ** piety under Trog
  7189 | D:8      | Noticed Pikel
  7195 | D:8      | Killed Pikel
  7224 | D:8      | Noticed a two-headed ogre
  7228 | D:8      | Killed a two-headed ogre
  7228 | D:8      | Reached skill level 8 in Staves
  7582 | D:8      | Reached XP level 10. HP: 82/88 MP: 9/9
  7766 | D:8      | Found a shimmering altar of Xom.
  7893 | D:8      | Found a burning altar of Makhleb.
  7990 | D:8      | Found a staircase to the Lair.
  8006 | D:8      | Noticed Prince Ribbit
  8008 | D:8      | Killed Prince Ribbit
  8008 | D:8      | Reached skill level 9 in Staves
  8136 | D:8      | Got a pair of shimmering boots
  8145 | D:8      | Identified the +1 pair of boots "Jusifu" {Str+2 Slay+3} (You found it on level 8 of the Dungeon)
  8226 | D:8      | Found a runed gate.
  8226 | D:8      | Found a runed gate.
  8229 | D:8      | Found a runed gate.
  8230 | D:8      | Noticed Gildeon's ghost (novice OpTm)
  8230 | D:8      | Noticed MothsLongingForFire's ghost (novice OgTm)
  8280 | Lair:1   | Entered Level 1 of the Lair of Beasts
  8538 | D:9      | Reached *** piety under Trog
  8872 | D:9      | Found Yfotull's Distillery.
  8879 | D:9      | Bought a potion of heal wounds for 50 gold pieces
  9021 | D:9      | Found a white marble altar of Elyvilon.
  9023 | D:9      | Noticed a two-headed ogre
  9028 | D:9      | Killed a two-headed ogre
  9028 | D:9      | Reached skill level 10 in Staves
  9135 | D:9      | Found a sparkling altar of Nemelex Xobeh.
  9187 | D:10     | Entered Level 10 of the Dungeon
  9224 | D:10     | Found a staircase to the Orcish Mines.
  9287 | D:10     | Reached **** piety under Trog
  9758 | D:10     | Reached XP level 11. HP: 44/96 MP: 10/10
 10246 | D:10     | Noticed Maurice
 10250 | D:10     | Killed Maurice
 10263 | D:10     | Reached skill level 11 in Staves
 10350 | D:10     | Noticed Psyche
 10354 | D:10     | Killed Psyche
 10747 | D:10     | Noticed a two-headed ogre
 10752 | D:10     | Killed a two-headed ogre
 10752 | D:10     | Reached ***** piety under Trog
 10752 | D:10     | Reached skill level 10 in Axes
 10882 | D:11     | Paralysed by a hornet for 3 turns
 11478 | D:11     | Noticed an obsidian statue
 11478 | D:11     | Noticed an orange crystal statue
 11482 | D:11     | Noticed a five-headed hydra
 11500 | D:11     | Slain by an eight-headed hydra

Vault maps used:
D:1:      dpeg_arrival_rhombus
D:2:      grunt_gozag_breadcrumbs
D:3:      gammafunk_temple_overflow_pools, marbit_many_paths, first_ration
D:4:      serial_shops, shop
D:5:      lemuel_crystal_altar, st_stairs_5, okawaru_trees_1
D:6:      lemuel_coloured_pillars_altar, temple_hall, guppyfry_early_elven_hall,
          uniq_blork_the_orc, uniq_edmund
D:7:      lemuel_doored_altar, serial_shops, nicolae_shop_trees,
          grunt_ministairs_8
D:8:      makhleb_blood_cavern_becter, kennysheep_little_box, lair_entry_dummy,
          nicolae_ossuary_entry_monument, gammafunk_ghost_cemetery,
          uniq_prince_ribbit1, uniq_pikel
D:9:      nicolae_overflow_crystal_walls, kennysheep_mini_moat, serial_shops,
          shop
D:10:     zombieorc2_lemuel, david_nohive_1, uniq_maurice, uniq_psyche
D:11:     david_greed
Temple:   jpeg_temple_clearing
Lair:1:   gammafunk_ghost_cemetery, uniq_erica
Ossuary:  minmay_ossuary_two_tombs

Skill      XL: |  1  2  3  4  5  6  7  8  9 10 11 |
---------------+----------------------------------+-----
Axes           | 3 4 5 6 7 8 9 10 | 10.1
Shields        | 4 5 6 8 9 |  9.7
Armour         | 4 5 6 8 9 |  9.9
Fighting       | 4 5 6 8 9 |  9.7
Staves         | 1 3 6 8 10 11 | 11.5

Action                   |  1- 3 |  4- 6 |  7- 9 | 10-12 || total
-------------------------+-------+-------+-------+-------++-------
Melee: War axe           |    86 |   137 |       |       ||   223
       Headbutt          |    10 |    26 |    41 |    48 ||   125
       Lajatang          |       |     6 |   238 |   234 ||   478
       Whip              |       |       |       |     2 ||     2
  Use: Scroll            |       |     6 |       |     7 ||    13
  Eat: Chunk             |     1 |     7 |    14 |     7 ||    29
       Ration            |       |       |       |     2 ||     2
Armor: Scale mail        |    44 |    53 |    90 |   172 ||   359
Dodge: Dodged            |    24 |    36 |    90 |   195 ||   345
Block: Shield            |    34 |    84 |       |       ||   118

Table legend:
 A = Spawn XP
 B = Non-spawn XP
 C = Spawn XP percentage of total XP
 D = Spawn monster count
 E = Non-spawn monster count
 F = Spawn count percentage of total count
 G = Total turns spent on level
                    A         B        C        D         E        F      G
               +---------+---------+-------+---------+---------+-------+---------
         Total |       0 |   15855 |   0.0 |       0 |     342 |   0.0 | 11500
               +---------+---------+-------+---------+---------+-------+---------
           D:1 |       0 |      56 |   0.0 |       0 |      32 |   0.0 |   872
           D:2 |       0 |      73 |   0.0 |       0 |      23 |   0.0 |   576
           D:3 |       0 |     195 |   0.0 |       0 |      21 |   0.0 |  1243
           D:4 |       0 |     447 |   0.0 |       0 |      17 |   0.0 |   909
           D:5 |       0 |     466 |   0.0 |       0 |      22 |   0.0 |   913
           D:6 |       0 |    1033 |   0.0 |       0 |      12 |   0.0 |  1045
           D:7 |       0 |     909 |   0.0 |       0 |      29 |   0.0 |  1182
           D:8 |       0 |    3657 |   0.0 |       0 |      49 |   0.0 |  1633
           D:9 |       0 |    1600 |   0.0 |       0 |      19 |   0.0 |  1131
          D:10 |       0 |    6149 |   0.0 |       0 |      70 |   0.0 |  1193
          D:11 |       0 |     796 |   0.0 |       0 |      10 |   0.0 |   419
       Ossuary |       0 |     474 |   0.0 |       0 |      38 |   0.0 |   291
               +---------+---------+-------+---------+---------+-------+---------
